 Dungeon Crawl Stone Soup version 0.25.1-2-g60ff931 (webtiles) character file.

Game seed: 2870779587337233239

94 Cinza the Grasshopper (level 4, 0/23 HPs)
             Began as a Spriggan Warper on Aug 19, 2020.
             Slain by a gnoll
             ... wielding a +1 spear of venom
              (3 damage)
             ... on level 2 of the Dungeon.
             The game lasted 00:33:08 (3114 turns).

Cinza the Grasshopper (Spriggan Warper)             Turns: 3114, Time: 00:33:09

Health: 0/23       AC:  2    Str:  7    XL:     4   Next: 38%
Magic:  9/9        EV: 20    Int: 15    God:
Gold:   124        SH:  0    Dex: 15    Spells: 5/9 levels left

rFire    . . .     SeeInvis +   i - +2 short sword (venom) {Facadinha}
rCold    . . .     Gourm    .   (shield restricted)
rNeg     . . .     Faith    .   b - +0 robe
rPois    .         Spirit   .   (helmet restricted)
rElec    .         Reflect  .   (no cloak)
rCorr    .         Harm     .   (gloves unavailable)
MR       .....                  (boots unavailable)
Stlth    ++........             (no amulet)
HPRegen  0.07/turn              (no ring)
MPRegen  0.11/turn              (no ring)

@: lethally poisoned (0 -> -11), very quick
A: very small, unfitting armour, see invisible, herbivore, speed 3, slow
metabolism 2
a: no special abilities


You were on level 2 of the Dungeon.
You were not hungry.

You visited 1 branch of the dungeon, and saw 2 of its levels.

You collected 124 gold pieces.

Inventory:

Hand Weapons
 i - a +2 short sword of venom (weapon) {Facadinha}
 l - a +2 mace of draining
Missiles
 c - 79 stones (quivered)
 k - 5 boomerangs of dispersal
Armour
 b - a +0 robe (worn)
Scrolls
 h - 7 scrolls of identify
 n - a scroll of teleportation
 q - a scroll of immolation {unknown}
 r - a scroll of enchant armour {unknown}
 s - a scroll of amnesia {unknown}
 t - a scroll of remove curse {unknown}
Potions
 o - 2 potions of stabbing {unknown}
 p - a potion of magic {unknown}
Comestibles
 m - 4 rations


   Skills:
 + Level 2.0 Fighting
 + Level 3.0 Short Blades
 + Level 1.6 Throwing
 + Level 4.6 Dodging
 + Level 2.3 Stealth
 + Level 3.1 Spellcasting
 + Level 0.1 Charms
 + Level 4.6 Translocations


You had 5 spell levels left.
You knew the following spells:

 Your Spells              Type           Power        Failure   Level  Hunger
a - Blink                 Tloc           N/A          4%          2    ##.....
b - Shroud of Golubria    Chrm/Tloc      #.....       12%         2    ##.....

Your spell library contained the following spells:

 Spells                   Type           Power        Failure   Level  Hunger
 Gell's Gravitas          Tloc           ###.......   9%          3    ###....
 Lesser Beckoning         Tloc           ###.......   9%          3    ###....
 Teleport Other           Tloc           ###.....     9%          3    ###....
 Passage of Golubria      Tloc           N/A          30%         4    #####..


Dungeon Overview and Level Annotations

Branches:
Dungeon (2/15)

Altars:


Innate Abilities, Weirdness & Mutations

You are very small and have problems with some larger weapons.
You are too small for most types of armour.
You have supernaturally acute eyesight. (SInv)
You are a herbivore.
You cover ground extremely quickly.
You need to consume almost no food.


Message History

The gnoll closely misses you.
Things that are here:
a +0 halberd; a gnoll corpse You hit the gnoll.
The gnoll is poisoned.
The gnoll is lightly wounded.
The gnoll misses you.
You hit the gnoll.
The gnoll looks as sick as possible!
The gnoll is heavily wounded.
The gnoll barely misses you.
You closely miss the gnoll.
The gnoll is severely wounded.
The gnoll hits you with a +1 spear of venom!
* * * LOW HITPOINT WARNING * * *
You are lethally poisoned!
You barely miss the gnoll.
The gnoll is almost dead.
* * * LOW HITPOINT WARNING * * *
You feel sick.
The gnoll hits you with a +1 spear of venom.
You die...

#..##.#.#####.# ####
#..##.#.# #.# #..##.#.#
#.# #..##.#.# #.#
####### #.......# #.#
#...... ##.##.#######.#
#......
#.##.........####......
#.#########....##......
#.#..g@>.............†.
#.#.####.......##......
#.#.# #.......##......
#.#g# #.......########
#.#.# #.......# #g#
######### # #.# #.#)#
#.#'#####


You could see a gnoll (extremely poisoned).

Vanquished Creatures
  3 gnolls (D:2)
  2 adders (D:2)
  A worm (D:2)
  4 giant cockroaches
  8 goblins
  5 hobgoblins (D:1)
  4 jackals (D:1)
  2 bats (D:1)
  3 frilled lizards (D:1)
  7 kobolds
  3 rats
42 creatures vanquished.

Notes
Turn   | Place    | Note
-------+----------+-------------------------------------------
     0 | D:1      | Cinza the Spriggan Warper began the quest for the Orb.
     0 | D:1      | Reached XP level 1. HP: 10/10 MP: 5/5
   734 | D:1      | Reached XP level 2. HP: 3/15 MP: 6/6
   738 | D:1      | Learned a level 2 spell: Blink
   741 | D:1      | Learned a level 2 spell: Shroud of Golubria
  1968 | D:1      | Reached XP level 3. HP: 17/18 MP: 6/8
  2011 | D:1      | Reached skill level 1 in Stealth
  3081 | D:2      | Reached XP level 4. HP: 11/23 MP: 9/9
  3114 | D:2      | Slain by a gnoll

Illustrated notes

Levels and vault maps discovered:
D:1:      lightli_arrival_quake, layout_loops_ring
D:2:      layout_basic

Skill      XL: |  1  2  3  4 |
---------------+-------------+-----
Dodging        | 4 |  4.6
Stealth        | 1 2 |  2.3
Spellcasting   | 3 |  3.1
Fighting       | 2 |  2.0
Short Blades   | 3 |  3.0
Throwing       | |  1.6
Charms         | |  0.1
Translocations | |  4.6

Action                   |  1- 3 |  4- 6 || total
-------------------------+-------+-------++-------
Melee: Short sword       |   113 |    15 ||   128
Throw: Stone             |    51 |       ||    51
       Boomerang         |     5 |       ||     5
 Cast: Blink             |     4 |       ||     4
       Shroud of Golubri |     2 |       ||     2
  Use: Scroll            |     4 |       ||     4
 Stab: Sleeping          |     5 |       ||     5
  Eat: Ration            |     2 |       ||     2
Armor: Robe              |     9 |       ||     9
Dodge: Dodged            |    79 |    17 ||    96
